 Dungeon Crawl Stone Soup version 0.26.1-2-gb8aa6d0cf2 (webtiles) character file.

Game seed: 925063344941959628

59202 nightchill the Severer (level 15, -3/166 HPs)
             Began as a Halfling Berserker on Feb 23, 2021.
             Was an Elder of Trog.
             Slain by a tyrant leech (6 damage)
             ... on level 6 of the Lair of Beasts on Feb 24, 2021.
             The game lasted 01:23:19 (31195 turns).

nightchill the Severer (Halfling Berserker)        Turns: 31195, Time: 01:23:20

Health: -3/166     AC: 27    Str: 21    XL:     15   Next: 33%
Magic:  15/15      EV:  3    Int:  7    God:    Trog [****..]
Gold:   1427       SH:  0    Dex: 16    Spells: 14/14 levels left

rFire    . . .     SeeInvis +   a - +1 war axe
rCold    + + .     Faith    .   (shield restricted)
rNeg     + + +     Spirit   .   (armour currently unavailable)
rPois    +         Reflect  .   (helmet currently unavailable)
rElec    .         Harm     .   (cloak currently unavailable)
rCorr    .         Rampage  .   (gloves currently unavailable)
Will     ++++.     Clarity  +   (boots currently unavailable) Stlth +.........NoTele +
                                Z - amulet of the Four Winds {rN+ Will+++ Clar}
HPRegen  0.37/turn              u - ring of Yrum {rPois rN+ SInv}
MPRegen  0.14/turn              v - ring of Hadipy {rPois rC++}

@: tree-form, berserk cooldown, slowed, very slow
A: small, mutation resistance 1
a: Renounce Religion, Berserk, Trog's Hand, Brothers in Arms


You were on level 6 of the Lair of Beasts.
You worshipped Trog.
Trog was greatly pleased with you.
You were a tree.
You visited 4 branches of the dungeon, and saw 21 of its levels.
You also visited: Ice Cave.

You collected 2723 gold pieces.
You spent 1296 gold pieces at shops.

Inventory:

Hand Weapons
 a - a +1 war axe (weapon)
 b - a +1 morningstar of protection
 w - a +6 antimagic broad axe
 M - a +3 hunting sling of flaming
Missiles
 h - 80 poisoned darts
 l - 446 stones
 A - 21 boomerangs
 B - 86 sling bullets
 C - 3 datura-tipped darts
 W - 10 curare-tipped darts
Armour
 o - a +2 pair of boots (melded)
 q - a +2 hat (melded)
 z - a +1 kite shield
 G - a +1 plate armour of cold resistance (melded)
 K - a +2 cloak (melded)
Jewellery
 j - an uncursed amulet of the acrobat
 p - an uncursed ring of resist corrosion
 u - the ring of Yrum (left branch) {rPois rN+ SInv}
   (You found it on level 11 of the Dungeon)

   [ring of positive energy]

   It protects you from poison.
   It protects you from negative energy.
   It lets you see invisible.
 v - the ring of Hadipy (right branch) {rPois rC++}
   (You found it on level 3 of the Lair of Beasts)

   [ring of poison resistance]

   It greatly protects you from cold.
   It protects you from poison.
 H - an uncursed ring of protection from cold
 T - the ring of the Mage {Wiz Will++ Int+3}
   (You found it in an ice cave)

   [ring of wizardry]

   It improves your spell success rate.
   It affects your intelligence (+3).
   It affects your willpower, your defense against some magical effects.
 V - an uncursed ring of flight
 Z - the amulet of the Four Winds (around neck) {rN+ Will+++ Clar}
   (You bought it in a shop on level 2 of the Orcish Mines)

   [amulet of nothing]

   It protects you from negative energy.
   It affects your willpower, your defense against some magical effects.
   It protects you against confusion.
Wands
 c - a wand of enslavement (13)
 g - a wand of acid (16)
 y - a wand of flame (50)
 E - a wand of disintegration (32)
 Q - a wand of digging (7)
 S - a wand of paralysis (14)
 X - a wand of iceblast (3)
Scrolls
 d - 3 scrolls of enchant armour
 k - a scroll of blinking
 s - 6 scrolls of enchant weapon
 F - 6 scrolls of teleportation
 O - 7 scrolls of remove curse
 P - a scroll of noise
Potions
 f - 5 potions of attraction
 r - 3 potions of might
 t - 3 potions of curing
 x - 2 potions of lignification
 D - a potion of haste
 J - 2 potions of heal wounds
 L - a potion of flight
Miscellaneous
 i - a box of beasts (inert)


   Skills:
 + Level 13.5 Fighting
 - Level 16.0 Axes
 + Level 9.1 Armour
 - Level 2.2 Dodging
 + Level 8.7 Shields
 + Level 7.9 Evocations


You had 14 spell levels left.
You didn't know any spells.
Your spell library was empty.

Dungeon Overview and Level Annotations

Branches:
Dungeon (12/15)            Temple (1/1) D:7            Lair (6/6) D:9
 Shoals (0/4) Lair:2       Spider (0/4) Lair:4        Slime (0/5) Lair:5
    Orc (2/2) D:9             Elf (0/3) Orc:2         IceCv (visited)

Altars:
Ashenzari
Cheibriados
Dithmenos
Elyvilon
Fedhas
Gozag
Hepliaklqana
Kikubaaqudgha
Makhleb
Nemelex Xobeh
Okawaru
Qazlal
Ru
Sif Muna
Trog
Uskayaw
Vehumet
Wu Jian
Xom
Yredelemnul
Zin
The Shining One
Beogh

Shops:
D:4 }   D:8 (   Orc:1 }   Orc:2 ![*=

Annotations:
D:3 exclusion: downstairs
D:11 exclusion: downstairs
Lair:1 exclusions: downstairs and 2 oklob plants
Lair:2 1 runed translucent door, exclusions: door and 2 downstairs, arta456's ghost, journeyman DECj
Lair:3 2 transporters, exclusion: 2 downstairs, Glorbak's ghost, journeyman FoFi
Lair:4 exclusion: downstairs
Lair:5 5 exclusions
Orc:1 2 transporters, exclusion: downstairs, snilsmaster's ghost, journeyman GnFi


Innate Abilities, Weirdness & Mutations

You are small and have problems with some larger weapons.
You are somewhat resistant to further mutation.


Message History

The cane toad stings you but does no damage.
Unknown command.
Aiming: Iceblast
Press: ? - help, Shift-Dir - straight line, f - blink frog
Aim: a blink frog (severely wounded)
Okay, then.
You cannot blink because you are held in place by your roots.
You cannot move.
You cannot move.
Really read the scroll of torment?
As you read the scroll of torment, it crumbles to dust.
You feel a surge of unholy energy.
The tyrant leech convulses!
The cane toad convulses!
The blink frog convulses!
The tyrant leech convulses!
The blink frog convulses! x3; The blink frog blinks!
The cane toad stings you but does no damage.
The tyrant leech bites you but does no damage.
The blink frog blinks!
The blink frog hits you but does no damage.
The tyrant leech bites you.
You die...

##### ### ## ######
##.##.####.###.#
..P...###..P##..P...#..#####
................F...†.......
.................†...<......
.....§...†...........)....#.
..........wFF............P..
.........yw♣F...............
).≈...≈####..............#.P
≈≈≈≈... ####..............
≈≈P≈≈≈≈ #.................
≈≈≈≈≈≈≈ #...≈..........###
≈≈≈≈≈≈≈ #≈P..≈..........#
#.P≈..............
#≈≈≈.............
#≈≈≈≈..≈........


You could see 2 tyrant leeches, a cane toad, 3 blink frogs and a vampire
mosquito.

Vanquished Creatures
  A boulder beetle (Lair:4)
  4 hydras
  An ice dragon (IceCv)
  A catoblepas (Lair:5)
  3 death yaks (Lair:3)
  14 two-headed ogres
  2 ogre magi (Orc:2)
  2 tengu warriors (D:10)
  Sonja (D:12)
  2 unseen horrors
  2 deep trolls (Orc:1)
  An ugly thing (D:11)
  2 cyclopes
  2 ice statues (IceCv)
  Maurice (D:8)
  Joseph (D:9)
  3 black mambas
  An eye of devastation (Lair:5)
  Maggie (D:8)
  12 cane toads
  8 komodo dragons
  6 rime drakes
  11 trolls
  A polar bear (Lair:3)
  8 blink frogs
  2 redbacks
  A vampire (D:12)
  3 wyverns
  2 shadows
  4 basilisks
  36 yaks
  3 wraiths (D:11)
  A vampire mosquito (Lair:6)
  2 wargs (Orc:1)
  15 water moccasins
  2 acid dragons
  4 black bears
  11 orc warriors
  17 ice beasts
  6 wolves
  An eye of draining (Lair:5)
  3 phantoms
  A necrophage (D:7)
  25 ogres
  4 centaurs
  A big kobold (D:10)
  20 bullfrogs
  A wyvern skeleton (D:10)
  2 troll zombies (D:9)
  9 killer bees
  A scorpion (D:9)
  20 wights
  2 howler monkeys
  An electric eel (Lair:5)
  A quasit (D:6)
  18 orc priests
  A bullfrog zombie (D:10)
  7 hounds
  A jelly (D:10)
  6 centaur skeletons
  A gnoll shaman (Orc:1)
  3 bullfrog skeletons
  An iguana (D:10)
  21 orc wizards
  6 worker ants
  6 ogre zombies (D:9)
  A hound zombie (D:7)
  2 hound skeletons (D:4)
  4 worker ant zombies
  10 gnolls
  10 adders
  2 river rats (D:6)
  A shadow imp (D:10)
  17 white imps
  2 ufetubi
  An ooze (D:3)
  3 adder skeletons
  3 adder zombies
  5 worms
  6 dart slugs
  7 leopard geckos
  55 orcs
  4 ball pythons
  6 giant cockroaches
  15 hobgoblins
  9 jackals
  9 kobolds
  12 quokkas
  12 bats
  7 frilled lizards
  6 goblins
  2 goblin skeletons (D:9)
  A goblin zombie (D:9)
  4 hobgoblin skeletons (D:9)
  A hobgoblin zombie (D:9)
  3 orc skeletons (D:9)
  14 orc zombies (D:9)
  11 rats
608 creatures vanquished.

Vanquished Creatures (collateral kills)
  An ice dragon (IceCv)
  2 hydras
  4 cane toads
  A komodo dragon (Lair:2)
  A rime drake (Lair:4)
  Grum (D:8)
  A wolf (D:8)
  A centaur (Lair:2)
  A bullfrog (Lair:3)
13 creatures vanquished.

Vanquished Creatures (others)
  Snorg (Lair:5)
  An orc wizard (D:7)
  17 fungi
  93 plants
112 creatures vanquished.

Grand Total: 733 creatures vanquished

Notes
Turn   | Place    | Note
-------+----------+-------------------------------------------
     0 | D:1      | nightchill the Halfling Berserker began the quest for the
                  | Orb.
     0 | D:1      | Reached XP level 1. HP: 15/15 MP: 1/1
   355 | D:1      | Reached XP level 2. HP: 20/20 MP: 2/2
   724 | D:1      | Reached XP level 3. HP: 26/26 MP: 3/3
  1095 | D:2      | Reached skill level 4 in Axes
  1116 | D:2      | Reached ** piety under Trog
  1117 | D:2      | Reached XP level 4. HP: 31/31 MP: 4/4
  1203 | D:2      | Found an ornate altar of the Wu Jian Council.
  1525 | D:2      | Found a radiant altar of Vehumet.
  1537 | D:2      | Found a snail-covered altar of Cheibriados.
  1562 | D:2      | Reached XP level 5. HP: 36/36 MP: 5/5
  1599 | D:2      | Reached skill level 5 in Axes
  1677 | D:2      | Reached XP level 6. HP: 43/43 MP: 6/6
  1917 | D:3      | Found a burning altar of Makhleb.
  2127 | D:3      | Reached *** piety under Trog
  2822 | D:3      | Found a sparkling altar of Nemelex Xobeh.
  3323 | D:4      | Reached skill level 6 in Axes
  3596 | D:4      | Reached XP level 7. HP: 45/49 MP: 7/7
  3716 | D:4      | Found a shimmering blue altar of Sif Muna.
  4215 | D:4      | Found Puppaiw's Gadget Shop.
  4351 | D:4      | Found a sacrificial altar of Ru.
  4487 | D:5      | Entered Level 5 of the Dungeon
  4687 | D:5      | Found a blossoming altar of Fedhas.
  4845 | D:5      | Reached skill level 7 in Axes
  5720 | D:6      | Reached skill level 5 in Fighting
  5720 | D:6      | Reached XP level 8. HP: 55/55 MP: 8/8
  5806 | D:6      | Found a hide-covered altar of Uskayaw.
  5807 | D:6      | Found a shadowy altar of Dithmenos.
  5821 | D:6      | Reached **** piety under Trog
  5829 | D:6      | Found an opulent altar of Gozag.
  5856 | D:6      | Reached skill level 8 in Axes
  6083 | D:6      | Found an opulent altar of Gozag.
  6612 | D:6      | Found a shimmering altar of Xom.
  6614 | D:6      | Found a glowing golden altar of the Shining One.
  6614 | D:6      | Found a shimmering altar of Xom.
  6616 | D:6      | Found a stormy altar of Qazlal.
  6616 | D:6      | Found a shimmering blue altar of Sif Muna.
  6616 | D:6      | Found a stormy altar of Qazlal.
  6683 | D:6      | Reached skill level 9 in Axes
  6683 | D:6      | Reached XP level 9. HP: 62/62 MP: 9/9
  6779 | D:6      | Reached ***** piety under Trog
  6827 | D:6      | You fall into a shaft and drop 2 floors!
  7012 | D:8      | Noticed Grum
  7056 | D:8      | Killed Grum
  7057 | D:8      | Reached skill level 10 in Axes
  7309 | D:8      | Noticed Maggie
  7325 | D:8      | Noticed Maurice
  7328 | D:8      | Killed Maggie
  7507 | D:7      | Reached XP level 10. HP: 71/71 MP: 10/10
  7518 | D:7      | Reached skill level 11 in Axes
  7654 | D:7      | Found a staircase to the Ecumenical Temple.
  7798 | Temple   | Entered the Ecumenical Temple
  8244 | D:7      | Found a stormy altar of Qazlal.
  8661 | D:8      | Killed Maurice
  8958 | D:8      | Found Kuji's Antique Weapon Shoppe.
  9682 | D:9      | Noticed Joseph
  9701 | D:9      | Killed Joseph
  9702 | D:9      | Reached skill level 12 in Axes
  9839 | D:9      | Found a staircase to the Orcish Mines.
 10279 | D:9      | Found a basalt altar of Yredelemnul.
 10690 | D:9      | Found a staircase to the Lair.
 10958 | D:10     | Entered Level 10 of the Dungeon
 10967 | D:10     | Reached XP level 11. HP: 78/78 MP: 11/11
 11045 | D:10     | Reached skill level 13 in Axes
 11389 | D:10     | Killed an unseen horror
 12173 | D:10     | Found a radiant altar of Vehumet.
 12544 | Lair:1   | Entered Level 1 of the Lair of Beasts
 12595 | Lair:1   | Reached skill level 14 in Axes
 12963 | Lair:1   | Noticed an oklob plant
 12963 | Lair:1   | Noticed an oklob plant
 13334 | Lair:1   | Reached skill level 10 in Fighting
 13363 | Lair:1   | Reached XP level 12. HP: 75/87 MP: 12/12
 14284 | Lair:2   | Reached skill level 15 in Axes
 14682 | Lair:2   | Noticed a five-headed hydra
 14701 | Lair:2   | Killed a six-headed hydra
 14733 | Lair:2   | Found a staircase to the Shoals.
 14772 | Lair:2   | Received a gift from Trog
 15022 | Lair:2   | Found a runed translucent door.
 15026 | Lair:2   | Noticed arta456's ghost (journeyman DECj)
 15254 | Lair:1   | HP: 3/89 [acid (6)]
 15262 | Lair:1   | HP: 2/89 [poisoned by a cane toad]
 15270 | Lair:1   | HP: 2/89 [poisoned by a cane toad]
 16284 | Lair:3   | Noticed a six-headed hydra
 16345 | Lair:3   | Found a transporter.
 16350 | Lair:3   | Noticed Glorbak's ghost (journeyman FoFi)
 16358 | Lair:3   | Noticed a five-headed hydra
 16360 | Lair:3   | Killed a six-headed hydra
 16517 | Lair:3   | Noticed a seven-headed hydra
 16548 | Lair:3   | Killed a 20-headed hydra
 16549 | Lair:3   | Reached skill level 16 in Axes
 16557 | Lair:3   | HP: 3/90 [cane toad (8)]
 16559 | Lair:3   | Reached XP level 13. HP: 4/95 MP: 13/13
 17609 | D:11     | Reached skill level 1 in Shields
 17609 | D:11     | Reached skill level 1 in Evocations
 17668 | D:11     | Got a crude ivory ring
 17670 | D:11     | Identified the ring of Yrum {rPois rN+ SInv} (You found it
                  | on level 11 of the Dungeon)
 19356 | D:12     | Noticed Sonja
 19363 | D:12     | Killed Sonja
 19612 | D:12     | Reached skill level 5 in Armour
 19728 | D:12     | Noticed a four-headed hydra
 20329 | Orc:1    | Entered Level 1 of the Orcish Mines
 20329 | Orc:1    | Found Kugum's Gadget Boutique.
 20591 | Orc:1    | Found a transporter.
 20619 | Orc:1    | Noticed a rakshasa
 20619 | Orc:1    | Identified the +3 triple sword of Defilement {distort,
                  | Will+ Str-3 Int+3}
 20621 | Orc:1    | Noticed a great orb of eyes
 20629 | Orc:1    | Found a transporter.
 20672 | Orc:1    | Noticed snilsmaster's ghost (journeyman GnFi)
 21139 | Orc:2    | Entered Level 2 of the Orcish Mines
 21417 | Orc:2    | Found a roughly hewn altar of Beogh.
 21420 | Orc:2    | Found Siwir's Distillery.
 21481 | Orc:2    | Found a staircase to the Elven Halls.
 21498 | Orc:1    | Reached skill level 5 in Shields
 21665 | Orc:2    | Found Nihaity's Antique Armour Boutique.
 21835 | Orc:1    | Reached XP level 14. HP: 75/104 MP: 14/14
 22192 | Orc:2    | Reached skill level 5 in Evocations
 24414 | Orc:2    | Found Kong's Assorted Antiques.
 24419 | Orc:2    | Found Miobbeg's Jewellery Emporium.
 24820 | Orc:2    | Bought the amulet of the Four Winds {rN+ Will+++ Clar} for
                  | 702 gold pieces
 24820 | Orc:2    | Found the amulet of the Four Winds {rN+ Will+++ Clar}
 24853 | Orc:1    | Bought a box of beasts for 440 gold pieces
 25173 | D:8      | Bought a glowing morningstar for 154 gold pieces
 25603 | Lair:3   | Got a smoking steel ring
 25608 | Lair:3   | Identified the ring of Hadipy {rPois rC++} (You found it on
                  | level 3 of the Lair of Beasts)
 26073 | Lair:3   | Found a transporter.
 28078 | Lair:4   | Found a hole to the Spider Nest.
 28184 | Lair:4   | Reached XP level 15. HP: 111/111 MP: 15/15
 28529 | Lair:5   | Killed Snorg
 28574 | Lair:5   | Found a frozen archway.
 28581 | Lair:5   | Received a gift from Trog
 28599 | IceCv    | Entered an ice cave
 29333 | IceCv    | Found the ring of the Mage {Wiz Will++ Int+3}
 29972 | Lair:5   | Found a staircase to the Slime Pits.
 31001 | Lair:6   | Entered Level 6 of the Lair of Beasts
 31193 | Lair:6   | HP: 3/166 [tyrant leech (17)]
 31195 | Lair:6   | Slain by a tyrant leech

Illustrated notes

Levels and vault maps discovered:
D:1:      lightli_arrival_quake, layout_rooms, minmay_pentomino_t2
D:2:      layout_basic, old_standard_altar, cheibriados_altar_1,
          vehumet_crystals
D:3:      layout_basic, lightli_temple_of_fire, st_stairs_11,
          nemelex_spade_bored_becter
D:4:      layout_cave_pods, old_standard_altar, serial_shops, kennysheep_mini,
          hangedman_abyss_or_decor_stagger, nicolae_ru_the_path_less_chosen
D:5:      layout_cave_pods, old_standard_altar, st_stairs_9, chequers_big_river
D:6:      layout_basic, doesnt_xom_only_xom,
          gammafunk_temple_overflow_forgotten, portal_sewer_entry_e,
          nicolae_gozag_seed_capital
D:7:      layout_loops_cross, grunt_qazlal_sundering,
          minmay_temple_entry_drinking_statues
D:8:      layout_basic, serial_shops, nicolae_shop_window_shopping,
          minmay_misc_feat_plants, minivault_5, uniq_maggie, uniq_grum,
          uniq_maurice
D:9:      layout_loops_corners, general_overflow_altar,
          grunt_lair_entry_orc_guard_hut, zombieorc2_lemuel, uniq_joseph
D:10:     layout_basic, basic_altar
D:11:     layout_loops_corners
D:12:     layout_basic, uniq_sonja
Temple:   jpeg_temple_island
Lair:1:   layout_roguey, serial_bayou_pond_e, minivault_24,
          minmay_lair_oklob_chamber
Lair:2:   layout_gridlike, minmay_shoals_entry_centaurs,
          ebering_ghost_reflecting_pool
Lair:3:   layout_regular_city, gammafunk_ghost_berserking_beasts,
          grunt_megastairs_2
Lair:4:   layout_regular_city, spider_nest_entry_webs, grunt_megastairs_4
Lair:5:   layout_gridlike, minmay_slime_entry_eyes, portal_ice_cave_entry_imps,
          serial_bayou_lake_a, uniq_snorg
Lair:6:   minmay_lair_end_frog_pond, layout_regular_city
Orc:1:    layout_diamond_mine, gammafunk_ghost_abyssal_escape, serial_shops,
          nicolae_shop_trees
Orc:2:    st_orc_open, layout_caves, basic_altar, special_room

Skill      XL: |  1  2  3  4  5  6  7  8  9 10 11 12 13 14 15 |
---------------+----------------------------------------------+-----
Fighting       | 3 4 5 6 7 8 10 11 12 13 | 13.5
Axes           | 4 5 6 7 9 10 12 14 16 | 16.0
Shields        | 5 7 8 |  8.7
Evocations     | 4 7 |  7.9
Armour         | 5 8 9 |  9.1
Dodging        | |  2.2

Action                   |  1- 3 |  4- 6 |  7- 9 | 10-12 | 13-15 || total
-------------------------+-------+-------+-------+-------+-------++-------
Melee: Hand axe          |    87 |    36 |       |       |       ||   123
       War axe           |       |   115 |   362 |   761 |   991 ||  2229
       Broad axe         |       |       |       |     8 |       ||     8
       Morningstar       |       |       |       |       |    17 ||    17
 Fire: Hunting sling     |       |     3 |       |       |       ||     3
Invok: Berserk           |     4 |     7 |    17 |    26 |    56 ||   110
       Trog's Hand       |       |       |     7 |    15 |     7 ||    29
       Brothers in Arms  |       |       |     2 |     4 |     3 ||     9
Evoke: Wand              |       |       |       |     2 |     8 ||    10
       Box of beasts     |       |       |       |       |     2 ||     2
  Use: Scroll            |       |       |    16 |     2 |    14 ||    32
       Potion            |       |       |     1 |     2 |     3 ||     6
 Stab: Paralysed         |       |       |       |       |     3 ||     3
       Petrified         |       |       |       |       |     3 ||     3
Armor: Animal skin       |     3 |       |       |       |       ||     3
       Ring mail         |    18 |    43 |    62 |       |       ||   123
       Skin              |       |       |    57 |       |     9 ||    66
       Plate armour      |       |       |    54 |   412 |   644 ||  1110
Dodge: Dodged            |    78 |   122 |   249 |   352 |   554 ||  1355
